 Dungeon Crawl Stone Soup version 0.24.0-13-gcf9b3192b9 (console) character file.

Game seed: 5069377159323007101, levelgen mode: deterministic

216 Kagalorn the Digger (level 5, -1/38 HPs)
             Began as a Gnoll Earth Elementalist on Nov 5, 2019.
             Slain by an orc wizard
             ... wielding a +0 dagger
              (5 damage)
             ... on level 4 of the Dungeon.
             The game lasted 00:09:01 (2432 turns).

Kagalorn the Digger (Gnoll Earth Elementalist)      Turns: 2432, Time: 00:09:02

Health: -1/38      AC:  3    Str: 10    XL:     5   Next: 93%
Magic:  3/12       EV: 15    Int: 18    God:
Gold:   154        SH:  0    Dex: 16    Spells: 11/14 levels left

rFire    . . .     SeeInvis .   a - +0 dagger (venom)
rCold    . . .     Gourm    .   (no shield)
rNeg     . . .     Faith    .   c - +0 robe
rPois    .         Spirit   .   m - +0 hat
rElec    .         Reflect  .   (no cloak)
rCorr    .         Harm     .   k - +0 pair of gloves
MR       .....                  (no boots)
Stlth    +.........             (no amulet)
HPRegen  0.12/turn              (no ring)
MPRegen  0.13/turn              (no ring)

@: confused
A: distributed training, fangs 1, strong nose
a: no special abilities


You were on level 4 of the Dungeon.
You were not hungry.

You visited 1 branch of the dungeon, and saw 4 of its levels.

You collected 154 gold pieces.

Inventory:

Hand Weapons
 a - a +0 dagger of venom (weapon)
 y - a +0 hunting sling
Missiles
 b - 90 stones (quivered)
 h - 34 arrows
Armour
 c - a +0 robe (worn)
 k - a +0 pair of gloves (worn)
 m - a +0 hat (worn)
 x - a cursed +0 robe
Jewellery
 g - an uncursed ring of magical power {unknown}
 i - a +3 ring of strength {unknown}
Scrolls
 e - 2 scrolls of enchant armour {unknown}
 j - a scroll of random uselessness {unknown}
 p - a scroll of immolation {unknown}
 q - 2 scrolls of fear {unknown}
 r - a scroll of enchant weapon {unknown}
 s - 8 scrolls of identify {unknown}
 w - a scroll of remove curse {unknown}
Potions
 f - 2 potions of curing
 l - a potion of mutation {unknown}
 n - a potion of resistance {unknown}
 o - a potion of agility {unknown}
 t - a potion of heal wounds {unknown}
 u - 2 potions of degeneration {unknown}
 v - a potion of haste {unknown}
Comestibles
 d - 5 rations
 z - a chunk of flesh


   Skills:
 + Level 1.6 Fighting
 + Level 1.6 Short Blades
 + Level 1.6 Long Blades
 + Level 1.6 Axes
 + Level 1.6 Maces & Flails
 + Level 1.6 Polearms
 + Level 1.6 Staves
 + Level 1.6 Slings
 + Level 1.6 Bows
 + Level 1.6 Crossbows
 + Level 1.6 Throwing
 + Level 1.6 Armour
 + Level 4.8 Dodging
 + Level 4.5 Stealth
 + Level 1.6 Shields
 + Level 1.6 Unarmed Combat
 + Level 5.2 Spellcasting
 + Level 1.3 Conjurations
 + Level 1.3 Hexes
 + Level 1.3 Charms
 + Level 1.3 Summonings
 + Level 1.3 Necromancy
 + Level 1.3 Translocations
 + Level 2.5 Transmutations
 + Level 1.3 Fire Magic
 + Level 1.3 Ice Magic
 + Level 1.3 Air Magic
 + Level 5.6 Earth Magic
 + Level 1.3 Poison Magic
 + Level 1.9 Invocations
 + Level 1.6 Evocations


You had 11 spell levels left.
You knew the following spells:

 Your Spells              Type           Power        Failure   Level  Hunger
a - Sandblast             Erth           ###...       1%          1    None
f - Passwall              Tmut/Erth      ###.....     3%          2    #......

Your spell library contained the following spells:

 Spells                   Type           Power        Failure   Level  Hunger
 Confusing Touch          Hex            #.....       8%          1    None
 Stone Arrow              Conj/Erth      ###...       10%         3    ##.....
 Confuse                  Hex            #.......     22%         3    ##.....
 Gell's Gravitas          Tloc           #.........   22%         3    ##.....
 Petrify                  Tmut/Erth      ###.....     24%         4    ####...
 Lee's Rapid Deconstruct  Erth           ###.......   34%         5    ######.
 Yara's Violent Unravell  Hex/Tmut       ##........   86%         5    ######.
 Metabolic Englaciation   Hex/Ice        #.........   91%         5    ######.


Dungeon Overview and Level Annotations

Branches:
Dungeon (4/15)
 Temple: D:4-7

Altars:
Dithmenos
Hepliaklqana
Okawaru
Ru
Sif Muna
Yredelemnul

Annotations:
D:4 Eustachio


Innate Abilities, Weirdness & Mutations

Your experience applies equally to all skills.
You have very sharp teeth.
Your uncanny sense of smell can sniff out nearby items.


Message History

The orc shouts!
There is a stone staircase leading up here.
Eustachio shouts!
The orc wizard gestures at you while chanting.
You are more confused.
You hear a shout!
In your confused state, you trip and fall back down the stairs.
In your confused state, you trip and fall back down the stairs.
Eustachio mumbles some strange words.
Eustachio blinks!
In your confused state, you trip and fall back down the stairs.
Something hits you.
You hear some strange, mumbled words.
A puff of flame appears from out of thin air!
The puff of flame hits you!
* * * LOW HITPOINT WARNING * * *
In your confused state, you trip and fall back down the stairs.
* * * LOW HITPOINT WARNING * * *
The orc closely misses you. Something hits you.
You die...

. . .............._..#.
..#....o...##...._8_...
.(..####.#...).........
.....oo....###.......#
......{....#
##..#..$#.∆
......)..!.#####.#.....
#....)...$.##........#
#............@{.....##
#............o@......#
##<###.......o....##...
.. #............# .. .#
#...........## #
#..#...##....####.
#.###..##......... #.
#..#####†#..... .. ..#.
...##.. .?## #


You could see Eustachio, an orc wizard and an orc.

Vanquished Creatures
  2 orc wizards (D:4)
  A worker ant (D:3)
  3 adders
  5 dart slugs
  4 leopard geckos
  7 orcs
  2 ball pythons (D:3)
  9 bats
  7 giant cockroaches
  11 goblins
  12 hobgoblins
  4 kobolds
  A quokka (D:3)
  9 frilled lizards
  7 rats
84 creatures vanquished.

Notes
Turn   | Place    | Note
-------+----------+-------------------------------------------
     0 | D:1      | Kagalorn the Gnoll Earth Elementalist began the quest for
                  | the Orb.
     0 | D:1      | Reached XP level 1. HP: 13/13 MP: 6/6
    51 | D:1      | Reached XP level 2. HP: 19/19 MP: 4/7
   380 | D:1      | Reached XP level 3. HP: 25/25 MP: 9/9
   472 | D:1      | Reached skill level 5 in Spellcasting
   810 | D:2      | Reached skill level 1 in Invocations
   840 | D:2      | Reached skill level 1 in Fighting
   840 | D:2      | Reached skill level 1 in Short Blades
   840 | D:2      | Reached skill level 1 in Long Blades
   840 | D:2      | Reached skill level 1 in Axes
   840 | D:2      | Reached skill level 1 in Maces & Flails
   840 | D:2      | Reached skill level 1 in Polearms
   840 | D:2      | Reached skill level 1 in Staves
   840 | D:2      | Reached skill level 1 in Slings
   840 | D:2      | Reached skill level 1 in Bows
   840 | D:2      | Reached skill level 1 in Crossbows
   840 | D:2      | Reached skill level 1 in Throwing
   840 | D:2      | Reached skill level 1 in Armour
   840 | D:2      | Reached skill level 1 in Shields
   840 | D:2      | Reached skill level 1 in Unarmed Combat
   840 | D:2      | Reached skill level 1 in Evocations
   916 | D:2      | Reached XP level 4. HP: 27/32 MP: 11/11
   949 | D:2      | Found a shimmering blue altar of Sif Muna.
  1664 | D:3      | Reached skill level 1 in Conjurations
  1664 | D:3      | Reached skill level 1 in Hexes
  1664 | D:3      | Reached skill level 1 in Charms
  1664 | D:3      | Reached skill level 1 in Summonings
  1664 | D:3      | Reached skill level 1 in Necromancy
  1664 | D:3      | Reached skill level 1 in Translocations
  1664 | D:3      | Reached skill level 1 in Fire Magic
  1664 | D:3      | Reached skill level 1 in Ice Magic
  1664 | D:3      | Reached skill level 1 in Air Magic
  1664 | D:3      | Reached skill level 1 in Poison Magic
  1831 | D:3      | Reached XP level 5. HP: 37/37 MP: 12/12
  2319 | D:3      | Learned a level 2 spell: Passwall
  2331 | D:3      | Found a basalt altar of Yredelemnul.
  2331 | D:3      | Found a hazy altar of Hepliaklqana.
  2373 | D:4      | Found an iron altar of Okawaru.
  2373 | D:4      | Noticed Eustachio
  2386 | D:4      | Found a sacrificial altar of Ru.
  2387 | D:4      | Found a shadowy altar of Dithmenos.
  2432 | D:4      | Slain by an orc wizard

Levels and vault maps discovered:
D:1:      erik_arrival_blinker_ship, layout_loops_ring
D:2:      layout_loops_ring, led_sif_pool
D:3:      layout_loops_ring, minitemple, first_ration
D:4:      layout_rooms, chequers_temple_overflow_statue_of_worship,
          temple_doors_ab, uniq_grinder, uniq_eustachio

Skill      XL: |  1  2  3  4 |
---------------+-------------+-----
Transmutations | 2 |  2.5
Spellcasting   | 5 |  5.2
Invocations    | 1 |  1.9
Fighting       | 1 |  1.6
Short Blades   | 1 |  1.6
Long Blades    | 1 |  1.6
Axes           | 1 |  1.6
Maces & Flails | 1 |  1.6
Polearms       | 1 |  1.6
Staves         | 1 |  1.6
Slings         | 1 |  1.6
Bows           | 1 |  1.6
Crossbows      | 1 |  1.6
Throwing       | 1 |  1.6
Armour         | 1 |  1.6
Shields        | 1 |  1.6
Unarmed Combat | 1 |  1.6
Evocations     | 1 |  1.6
Conjurations   | 1 |  1.3
Hexes          | 1 |  1.3
Charms         | 1 |  1.3
Summonings     | 1 |  1.3
Necromancy     | 1 |  1.3
Translocations | 1 |  1.3
Fire Magic     | 1 |  1.3
Ice Magic      | 1 |  1.3
Air Magic      | 1 |  1.3
Poison Magic   | 1 |  1.3
Dodging        | |  4.8
Stealth        | |  4.5
Earth Magic    | |  5.6

Action                   |  1- 3 |  4- 6 || total
-------------------------+-------+-------++-------
Melee: Unarmed           |    18 |       ||    18
       Dagger            |    29 |   126 ||   155
       Bite              |     2 |    14 ||    16
 Cast: Sandblast         |    27 |    14 ||    41
  Use: Potion            |       |     1 ||     1
 Stab: Sleeping          |     5 |    11 ||    16
  Eat: Chunk             |       |     5 ||     5
Armor: Robe              |    11 |    19 ||    30
Dodge: Dodged            |    48 |    82 ||   130
